 Dungeon Crawl Stone Soup version 0.20.1-1-g8b1a95d (webtiles) character file.

251 Mesmaeker13 the Firebug (level 5, 0/38 HPs)
             Began as a Draconian Fire Elementalist on Aug 28, 2017.
             Was an Initiate of Sif Muna.
             Succumbed to a worker ant's poison
             ... on level 4 of the Dungeon.
             The game lasted 00:08:24 (5380 turns).

Mesmaeker13 the Firebug (DrFE)                      Turns: 5380, Time: 00:08:24

Health: 0/38       AC:  5    Str: 11    XL:     5   Next: 88%
Magic:  3/8        EV: 13    Int: 16    God:    Sif Muna [......]
Gold:   209        SH:  0    Dex: 11    Spells: 2/8 levels left

rFire    . . .     SeeInvis .   d - +0 spear
rCold    . . .     Gourm    .   (no shield)
rNeg     . . .     Faith    .   (armour unavailable)
rPois    .         Spirit   .   (helmet restricted)
rElec    .         Reflect  .   (no cloak)
rCorr    .         Harm     .   (no gloves)
MR       .....                  (no boots)
Stlth    ++........             (no amulet)
Regen    0.2/turn               (no ring)
MPRegen  0.2/turn               (no ring)

@: lethally poisoned (0 -> -5)
A: unfitting armour, cold-blooded, AC +5
a: Renounce Religion


You were on level 4 of the Dungeon.
You worshipped Sif Muna.
Sif Muna was noncommittal.
You were not hungry.

You visited 2 branches of the dungeon, and saw 5 of its levels.
You also visited: Sewer.

You collected 209 gold pieces.

Inventory:

Hand Weapons
 d - a +0 spear (weapon)
 m - a +0 blowgun
Missiles
 c - a throwing net (quivered)
 o - 19 poisoned needles
Scrolls
 f - a scroll of fear {unknown}
 g - a scroll of amnesia
 h - 6 scrolls of teleportation
 j - a scroll of enchant weapon {unknown}
 k - a scroll of remove curse {unknown}
 n - 2 scrolls of recharging {unknown}
Potions
 e - a potion of resistance {unknown}
 q - a potion of might {unknown}
 s - a potion of curing
 t - a potion of heal wounds {unknown}
Books
 a - a book of Flames

   Spells                             Type                      Level
   a - Flame Tongue                   Conjuration/Fire             1
   b - Throw Flame                    Conjuration/Fire             2
   c - Conjure Flame                  Conjuration/Fire             3
   d - Inner Flame                    Hexes/Fire                   3
   e - Sticky Flame                   Conjuration/Fire             4
   f - Fireball                       Conjuration/Fire             5
Comestibles
 b - 5 bread rations
 i - 2 meat rations
 l - 2 royal jellies
 r - 6 fruits


   Skills:
 + Level 3.6 Dodging
 - Level 1.7 Stealth
 - Level 2.0 Spellcasting
 + Level 3.4 Conjurations
 + Level 4.4 Fire Magic


You had 2 spell levels left.
You knew the following spells:

 Your Spells              Type           Power        Failure   Level  Hunger
a - Flame Tongue          Conj/Fire      ##...        4%          1    #......
b - Throw Flame           Conj/Fire      ##....       6%          2    ###....
c - Conjure Flame         Conj/Fire      ##......     12%         3    ###....


Dungeon Overview and Level Annotations

Branches:
Dungeon (4/15)             Temple (1/1) D:4

Altars:
Ashenzari
Cheibriados
Dithmenos
Elyvilon
Fedhas
Gozag
Hepliaklqana
Kikubaaqudgha
Makhleb
Nemelex Xobeh
Okawaru
Qazlal
Ru
Sif Muna
Trog
Uskayaw
Vehumet
Xom
Yredelemnul
Zin
The Shining One


Innate Abilities, Weirdness & Mutations

Your plain brown scales are hard. (AC +5)
You cannot fit into any form of body armour.
You are cold-blooded and may be slowed by cold attacks.


Message History

There is a lethal amount of poison in your body!
There is a lethal amount of poison in your body!
There is a lethal amount of poison in your body!
There is a lethal amount of poison in your body!
There is a lethal amount of poison in your body!
* * * LOW HITPOINT WARNING * * *
You feel sick.
* * * LOW HITPOINT WARNING * * *
You feel sick.
* * * LOW HITPOINT WARNING * * *
You feel sick.
* * * LOW HITPOINT WARNING * * *
You feel sick.
* * * LOW HITPOINT WARNING * * *
You feel sick.
* * * LOW HITPOINT WARNING * * *
You feel sick.
* * * LOW HITPOINT WARNING * * *
You feel sick.
You die...

#.# #.# #.# ..#
#.# #.# #.# #.#
#.# #.# #†# #.#
#@#
#.#############.#
#...............#
##...#############
.#.#.# .#.#.#
.#.#.# .#.#.#
.#.#.#


There were no monsters in sight!

Vanquished Creatures
  A howler monkey (D:4)
  A worker ant (D:4)
  6 adders
  3 oozes
  An adder skeleton (D:4)
  3 worms
  2 dart slugs
  6 leopard geckos
  5 orcs (D:3)
  2 ball pythons
  6 giant cockroaches
  3 goblins
  7 hobgoblins
  3 jackals (D:1)
  9 kobolds
  A quokka (D:4)
  A ball python skeleton (D:4)
  13 bats
  15 frilled lizards
  14 rats
102 creatures vanquished.

Notes
Turn   | Place    | Note
-------+----------+-------------------------------------------
     0 | D:1      | Mesmaeker13 the Draconian Fire Elementalist began the quest for the Orb.
     0 | D:1      | Reached XP level 1. HP: 14/14 MP: 3/3
   178 | D:1      | Reached XP level 2. HP: 20/20 MP: 3/5
  1176 | D:1      | Reached XP level 3. HP: 26/26 MP: 4/6
  1249 | D:2      | Learned a level 2 spell: Throw Flame
  2123 | D:2      | Reached XP level 4. HP: 33/33 MP: 5/7
  3854 | D:3      | Reached XP level 5. HP: 38/38 MP: 4/8
  3967 | D:3      | Reached skill level 4 in Fire Magic
  4113 | D:4      | Learned a level 3 spell: Conjure Flame
  4181 | D:4      | Found a staircase to the Ecumenical Temple.
  4190 | Temple   | Entered the Ecumenical Temple
  4228 | Temple   | Became a worshipper of Sif Muna the Loreminder
  4300 | D:4      | Found a glowing drain.
  4321 | Sewer    | Entered a sewer
  4747 | Sewer    | Noticed BGT's ghost (weakling SpEn)
  5378 | D:4      | HP: 1/38 [poisoned by a worker ant]
  5380 | D:4      | Succumbed to a worker ant's poison

Skill      XL: |  1  2  3  4  5 |
---------------+----------------+-----
Dodging        | 2 3 |  3.6
Conjurations   | 2 3 |  3.4
Fire Magic     | 4 |  4.4
Stealth        | |  1.7
Spellcasting   | |  2.0

Action                   |  1- 3 |  4- 6 || total
-------------------------+-------+-------++-------
Melee: Unarmed           |    17 |       ||    17
       Tailslap          |     2 |     5 ||     7
       Spear             |    27 |    61 ||    88
Throw: Throwing net      |       |     1 ||     1
 Cast: Flame Tongue      |    60 |   104 ||   164
       Throw Flame       |       |     3 ||     3
  Use: Scroll            |     2 |       ||     2
       Potion            |       |     4 ||     4
 Stab: Sleeping          |       |     1 ||     1
  Eat: Chunk             |     5 |    12 ||    17
Armor: Skin              |    29 |    29 ||    58
Dodge: Dodged            |    49 |    65 ||   114
